 Dungeon Crawl Stone Soup version 0.21-a0-329-g12f17e1 (webtiles) character file.

2 namelastname112 the Sneak (level 1, 0/9 HPs)
             Began as a Felid Wanderer on Oct 1, 2017.
             Slain by a giant cockroach (2 damage)
             ... on level 1 of the Dungeon.
             The game lasted 00:00:18 (54 turns).

namelastname112 the Sneak (Felid Wanderer)            Turns: 54, Time: 00:00:19

Health: 0/9        AC:  1    Str:  9    XL:     1   Next: 33%
Magic:  4/4        EV: 15    Int: 14    God:
Gold:   31         SH:  0    Dex: 13    Spells: 4/4 levels left
                                        Lives:  0   Deaths: 0

rFire    . . .     SeeInvis +   (weapon unavailable)
rCold    . . .     Gourm    .   (shield unavailable)
rNeg     . . .     Faith    .   (armour unavailable)
rPois    .         Spirit   .   (helmet unavailable)
rElec    .         Reflect  .   (cloak unavailable)
rCorr    .         Harm     .   (gloves unavailable)
MR       +....                  (boots unavailable)
Stlth    +++.......             (no amulet)
HPRegen  0.03/turn              d - ring of protection from magic (curse)
MPRegen  0.09/turn              (no ring)

@: quick
A: no armour, no weapons or thrown items, stealth, claws 1, fangs 3, see
invisible, carnivore 3, speed 1, shaggy fur 1, slow metabolism 1, sharp paws
a: no special abilities


You were on level 1 of the Dungeon.
You were not hungry.

You visited 1 branch of the dungeon, and saw 1 of its levels.

You collected 31 gold pieces.

Inventory:

Jewellery
 d - a cursed ring of protection from magic (left paw)
Scrolls
 e - a scroll of amnesia {unknown}
Books
 a - a book of Minor Magic

   Spells                             Type                      Level
   a - Magic Dart                     Conjuration                  1
   b - Blink                          Translocation                2
   c - Call Imp                       Summoning                    2
   d - Slow                           Hexes                        2
   e - Conjure Flame                  Conjuration/Fire             3
   f - Mephitic Cloud                 Conjuration/Poison/Air       3
 b - the Disquisition on Dark Magic

   Spells                             Type                      Level
   a - Corpse Rot                     Necromancy                   2
   b - Sublimation of Blood           Necromancy                   2
Comestibles
 c - a meat ration


   Skills:
 + Level 2.0 Fighting
 + Level 0.2 Dodging
 + Level 2.8 Stealth
 * Level 0.3 Unarmed Combat
 - Level 2.0 Spellcasting
   Level 1.5 Translocations
   Level 1.7 Poison Magic
   Level 1.1 Evocations


You had 4 spell levels left.
You didn't know any spells.

Dungeon Overview and Level Annotations

Branches:
Dungeon (1/15)

Altars:


Innate Abilities, Weirdness & Mutations

You cannot wear armour.
You are incapable of wielding weapons or throwing items.
Your paws allow you to move quietly. (Stealth)
You have sharp claws.
You have razor-sharp teeth.
You have supernaturally acute eyesight. (SInv)
You are carnivorous and can eat meat at any time.
You cover ground quickly.
You are covered in fur. (AC +1)
You have a slow metabolism.
Your sharp claws are effective at attacking unaware monsters.


Message History

You are too injured to fight recklessly!
You are too injured to fight recklessly!
You are too injured to fight recklessly!
You are too injured to fight recklessly!
There are monsters nearby!
There are monsters nearby!
You scratch the goblin but do no damage.
The giant cockroach closely misses you. The goblin closely misses you.
You closely miss the goblin.
The giant cockroach bites you but does no damage.
The goblin closely misses you. The giant cockroach closely misses you.
You scratch the goblin.
The goblin is heavily wounded.
The goblin closely misses you. The giant cockroach closely misses you.
You barely miss the goblin.
The goblin is heavily wounded.
The goblin hits you with a dagger.
* * * LOW HITPOINT WARNING * * *
The giant cockroach bites you.
You die...

######### #>.......
#...... ######%.....
#........#.#
#.....)..#.#
#..[.....#.#
######gs...# #@#..##
# #.$...### .#
###.....##.##
####........##
##....).#.##..##
#...............
#...#.....###..
######..#.#....###..
#......#...#........


You could see a giant cockroach and a goblin.

Vanquished Creatures
  A goblin (D:1)
  A bat (D:1)
  A kobold (D:1)
3 creatures vanquished.

Notes
Turn   | Place    | Note
-------+----------+-------------------------------------------
     0 | D:1      | namelastname112 the Felid Wanderer began the quest for the Orb.
     0 | D:1      | namelastname112 set off with: a book of Minor Magic, the Disquisition on Dark Magic, a meat ration
     0 | D:1      | Reached XP level 1. HP: 9/9 MP: 4/4
     0 | D:1      | Identified the Disquisition on Dark Magic
    54 | D:1      | Slain by a giant cockroach

Vault maps used:
D:1:      scummos_arrival_star

Action                   || total
-------------------------++-------
Melee: Unarmed           ||    13
Armor: Skin              ||     1
Dodge: Dodged            ||    12

Table legend:
 A = Spawn XP
 B = Non-spawn XP
 C = Spawn XP percentage of total XP
 D = Spawn monster count
 E = Non-spawn monster count
 F = Spawn count percentage of total count
 G = Total turns spent on level
                    A         B        C        D         E        F      G
               +---------+---------+-------+---------+---------+-------+---------
         Total |       0 |       4 |   0.0 |       0 |       3 |   0.0 |    54
               +---------+---------+-------+---------+---------+-------+---------
           D:1 |       0 |       4 |   0.0 |       0 |       3 |   0.0 |    54
               +---------+---------+-------+---------+---------+-------+---------
